 Dungeon Crawl Stone Soup version 0.27-a0-1532-gca18f49f40 (webtiles) character file.

Game seed: 6132455573858821702

17 nyamberluvr69 the Skirmisher (level 2, 0/21 HPs)
             Began as an Octopode Berserker on July 12, 2021.
             Was a Follower of Trog.
             Slain by a ball python (1 damage)
             ... on level 1 of the Dungeon.
             The game lasted 00:00:35 (128 turns).

nyamberluvr69 the Skirmisher (Octopode Berserker)    Turns: 128, Time: 00:00:35

Health: 0/21       AC:  1    Str: 16    XL:     2   Next: 62%
Magic:  2/2        EV: 10    Int:  9    God:    Trog [*.....]
Gold:   1          SH:  0    Dex: 11    Spells: 1/1 levels left

rFire    . . .     SeeInvis .   a - +0 falchion
rCold    . . .     Faith    .   (no shield)
rNeg     . . .     Spirit   .   (helmet restricted)
rPois    .         Reflect  .   (no amulet)
rElec    .         Harm     .   (no ring)
rCorr    .         Rampage  .   (no ring)
Will     .....                  (no ring)
Stlth    ++........             (no ring)
HPRegen  0.07/turn              (no ring)
MPRegen  0.08/turn              (no ring)
                                (no ring)
                                (no ring)

@: on berserk cooldown, slowed, constricted, very slow
A: almost no armour, amphibious, 8 rings, camouflage 1, gelatinous body 1,
(nimble swimmer 1), tentacles
a: Renounce Religion, Berserk


You were on level 1 of the Dungeon.
You worshipped Trog.
Trog was aware of your devotion.
You visited 1 branch of the dungeon, and saw 1 of its levels.

You collected 1 gold pieces.

Inventory:

Hand Weapons
 a - a +0 falchion (weapon)
Scrolls
 b - a scroll of immolation {unknown}
 c - a scroll of blinking {unknown}


   Skills:
 + Level 3.4 Fighting
 + Level 3.4 Long Blades
 - Level 3.0 Dodging


You had one spell level left.
You didn't know any spells.
Your spell library was empty.

Dungeon Overview and Level Annotations

Branches:
Dungeon (1/15)

Altars:


Innate Abilities, Weirdness & Mutations

You cannot wear most types of armour.
You are amphibious.
You can wear up to eight rings at the same time.
Your skin changes colour to match your surroundings (Stealth+).
Your rubbery body absorbs attacks. (AC +1, EV +1)
((You are camouflaged near water. (Stealth+)))
You have tentacles for arms and can constrict up to eight enemies at once.


Message History

The hobgoblin hits something.
You see here a +0 club.
A nearby plant withers and dies.
The jackal bites you but does no damage.
The jackal barely misses you. The jackal barely misses you.
The jackal bites you.
* * * LOW HITPOINT WARNING * * *
The ball python bites you.
* * * LOW HITPOINT WARNING * * *
The ball python closely misses you.
A jackal comes into view.
The jackal bites you but does no damage.
The ball python bites you.
* * * LOW HITPOINT WARNING * * *
The ball python grabs you.
* * * LOW HITPOINT WARNING * * *
The ball python constricts you. The jackal barely misses you.
You escape the ball python's grasp.
The jackal bites you but does no damage. x2
Okay, then.
The jackal barely misses you.
You riposte.
The jackal barks!
You slash the jackal!
You kill the jackal!
Trog accepts your kill.
You hear a shout!
The ball python bites you but does no damage.
The ball python closely misses you. The jackal closely misses you.
You riposte.
You hit the jackal. You grab the jackal.
The jackal is lightly wounded.
The ball python bites you but does no damage.
The ball python closely misses you.
You release your grip on the jackal.
The jackal bites you.
* * * LOW HITPOINT WARNING * * *
The ball python closely misses you.
You riposte.
You hit the ball python but do no damage.
You grab the ball python. The ball python grabs you.
You die...

#..........#.##..#
.#####......†.........#
....^.................#
#####......#.†.#.#...#
###.#######.#.....#
#....#............#
#..h.#............#
#.Sh.#........##..#
#..@.#.......###..##
#....#.....### #....
#......#... . ##...
#....##..## #. #...
#....#...# 8.....#.
#....... # #....##.
#....# #..#. #. ......
#..#..#. #8. #....


You could see 2 jackals and a ball python.

Vanquished Creatures
  A ball python (D:1)
  An endoplasm (D:1)
  A giant cockroach (D:1)
  2 goblins (D:1)
  2 hobgoblins (D:1)
  2 jackals (D:1)
  3 kobolds (D:1)
  2 rats (D:1)
14 creatures vanquished.

Vanquished Creatures (others)
  11 plants (D:1)
11 creatures vanquished.

Grand Total: 25 creatures vanquished

Notes
Turn   | Place    | Note
-------+----------+-------------------------------------------
     0 | D:1      | nyamberluvr69 the Octopode Berserker began the quest for
                  | the Orb.
     0 | D:1      | Reached XP level 1. HP: 16/16 MP: 1/1
    55 | D:1      | Reached XP level 2. HP: 20/21 MP: 2/2
   123 | D:1      | HP: 1/21 [ball python (1)]
   128 | D:1      | HP: 1/21 [jackal (1)]
   128 | D:1      | Slain by a ball python

Illustrated notes

Levels and vault maps discovered:
D:1:      dpeg_arrival_connections, layout_rooms, serial_bayou,
          serial_bayou_lagoon_a, serial_bayou_pond_e, serial_bayou_pond_d,
          serial_bayou_pond_a, grunt_decor_mini_mirrors,
          chequers_hall_statues_wall_a

Action                   || total
-------------------------++-------
Melee: Falchion          ||    23
       Constrict         ||     7
       Tentacles         ||     2
Invok: Berserk           ||     1
 Stab: Sleeping          ||     1
Armor: Skin              ||     7
Dodge: Dodged            ||    31
       Rpst.: Falchion   ||     7

Table legend: (Time is in decaauts)
 A = Elapsed time spent in this place.
 B = Non-inter-level travel time spent in this place.
 C = Inter-level travel time spent in this place.
 D = Time resting spent in this place.
 E = Time spent auto-exploring this place.
 F = Levels seen in this place.
 G = Mean time per level.
                   A        B        C        D        E       F      G
               +--------+--------+--------+--------+--------+-----+--------+
         Total |    136 |    136 |      0 |      0 |     56 |   1 |  136.0 |
       Dungeon |    136 |    136 |      0 |      0 |     56 |   1 |  136.0 |
               +--------+--------+--------+--------+--------+-----+--------+

Top non-repeatable levels by time:
     D:1: 136 daAuts
